AoeStats
← YouPotato

Glade

510568194Analyzed
1v1 RM · 1d ago on Oct 1, 2026· 27m 16s· 2 players
Game mode
Random Map
Map size
Tiny (2 player)
Population
200
Speed
Normal
Resources
Standard
Victory
Conquest
Starting age
Dark Age
Ending age
Imperial Age
RankedLock teamsTeams togetherTeam positionsShared explorationLock speedFull tech treeHidden civsTurbo modeCheats
Victory
Defeat
🇫🇮 Saxons · Finland
1095
+16
🇺🇸 Sicilians · United States
1095
-16
YouPotato
1:18 Loom
11:43 Feudal Age
12:17 Double-Bit Axe
12:13 Horse Collar
15:48 Fletching
21:05 Castle Age
19:29 Scale Mail Armor
19:28 Arson
20:17 Stone Mining
20:19 Gold Mining
21:08 Forging
21:58 Bodkin Arrow
22:53 Wheelbarrow
22:56 Heavy Plow
23:15 Bow Saw
25:42 Chain Mail Armor
25:34 Squires
grandmaster8574
6:58 Loom
9:52 Feudal Age
9:57 Man-at-Arms
10:25 Arson
12:38 Double-Bit Axe
12:36 Horse Collar
20:47 Castle Age
20:05 Scale Mail Armor
20:18 Forging
20:15 Stone Mining
21:38 Squires
21:56 Chain Mail Armor
22:56 Fletching
27:05 Bodkin Arrow
Connection lost

Rejoining the realm…

Still unreachable

The connection could not be restored.

Session expired

The server has moved on; the page needs a fresh start.